 Dungeon Crawl Stone Soup version 0.18.1-50-g88ac8fd (webtiles) character file.

803536 Chiseanne the Demonic Barricade (level 27, -2/193 (194) HPs)
             Began as a Demonspawn Wanderer on Apr 27, 2017.
             Was an Initiate of Gozag.
             Engulfed by Gloorx Vloq's foul pestilence (7 damage)
             ... in Pandemonium on Apr 28, 2017.
             The game lasted 04:36:51 (71675 turns).

Chiseanne the Demonic Barricade (DsWn)             Turns: 71675, Time: 04:36:51

HP:   -2/193 (194)  AC: 60    Str: 20      XL:     27
MP:   0/44          EV: 24    Int: 29 (30) God:    Gozag
Gold: 268           SH: 25    Dex: 30      Spells: 7 memorised, 17 levels left

rFire  + + +     SeeInvis +     a - +12 war axe of Fate {speed, rF- Dex+4 Stlth+}
rCold  + + .     Gourm    .     N - +12 gold dragon armour of the Eleven Realms {rPois rF+ rC+ rN+ Str+7 SInv}
rNeg   + + .     Faith    .     j - +5 shield {reflect} {Donald}
rPois  +         Spirit   +     (helmet unavailable)
rElec  +         Dismiss  .     E - -2 cloak of the Swamp {rCorr Stlth+}
rCorr  +         Reflect  +     O - +2 pair of gloves "Acrybuca" {rElec rF+++ rC+}
SustAt .         Harm     .     x - +2 pair of boots {run}
MR     ++...                    h - amulet of Pengomep {+Blink rC+ Regen+}
Stlth  ..........               L - ring "Natysmull" {rN+ Str-2 Int+8 Dex-3 Slay+6}
                                i - ring of Amelioration {rC- MP+9 AC+5 Int+5 Dex+4}

@: agile, lethally poisoned (-2 -> -10), about to teleport, very slightly
contaminated, slowed, bribing [Pandemonium], very slow, very resistant to
hostile enchantments, extremely unstealthy
A: antennae 3, iridescent scales 3, deterioration 1, spiny 3, augmentation 3,
magic shield, magic regeneration, magic link
a: Potion Petition, Call Merchant, Bribe Branch, Renounce Religion, Evoke Blink
}: 5/15 runes: barnacled, slimy, silver, abyssal, gossamer


You were in Pandemonium.
You worshipped Gozag.
Gozag was noncommittal.
You were not hungry.

You visited 12 branches of the dungeon, and saw 61 of its levels.
You visited Pandemonium 1 time, and saw 12 of its levels.
You visited the Abyss 4 times.
You visited 1 ziggurat, and saw 19 of its levels.
You also visited: Labyrinth, Sewer, Ice Cave and Wizlab.

You collected 47531 gold pieces.
You spent 11974 gold pieces at shops.
You paid 35289 gold pieces to Gozag.

Inventory:

Hand Weapons
 a - the +12 war axe of Fate (weapon) {speed, rF- Dex+4 Stlth+}
   (You bought it in a shop on level 15 of the Dungeon)

   Attacks with this weapon are significantly faster.
   It affects your dexterity (+4).
   It makes you vulnerable to fire.
   It makes you more stealthy.
 d - the +11 morningstar "Eos" {elec, -Tele rElec SInv}
   (You found it on level 8 of the Lair of Beasts)

   Occasionally, upon striking a foe, it will discharge some electrical energy
   and cause terrible harm.
   It insulates you from electricity.
   It lets you see invisible.
   It prevents most forms of teleportation.
 f - the +3 war axe "Biqav" {flame, rF- rC- MR+++ Stlth+}
   (You bought it in a shop on level 15 of the Dungeon)

   It has been specially enchanted to burn those struck by it, causing extra
   injury to most foes and up to half again as much damage against particularly
   susceptible opponents.
   Big, fiery blades are also staple armaments of hydra-hunters.
   It makes you vulnerable to fire.
   It makes you vulnerable to cold.
   It affects your resistance to hostile enchantments.
   It makes you more stealthy.
 s - the +8 autumn katana {slice, Clar}
   (You bought it in a shop on level 15 of the Dungeon)

   It inflicts extra damage upon your enemies.
   It protects you against confusion.
Missiles
 P - 8 throwing nets (quivered) {!*}
Armour
 e - a +2 pair of boots of flying
 j - a +5 shield of reflection (worn) {Donald}
 x - a +2 pair of boots of running (worn)
 E - the -2 cloak of the Swamp (worn) {rCorr Stlth+}
   (You bought it in a shop on level 8 of the Dungeon)

   It protects you from acid and corrosion.
   It makes you more stealthy.
 N - the +12 gold dragon armour of the Eleven Realms (worn) {rPois rF+ rC+ rN+ Str+7 SInv}
   (You bought it in a shop on level 6 of the Dungeon)

   It affects your strength (+7).
   It protects you from fire.
   It protects you from cold.
   It protects you from poison.
   It protects you from negative energy.
   It lets you see invisible.
 O - the +2 pair of gloves "Acrybuca" (worn) {rElec rF+++ rC+}
   (You bought it in a shop on level 1 of the Shoals)

   It renders you almost immune to fire.
   It protects you from cold.
   It insulates you from electricity.
Jewellery
 h - the amulet of Pengomep (around neck) {+Blink rC+ Regen+}
   (You found it on level 18 of a ziggurat)

   [amulet of regeneration]

   It protects you from cold.
   It lets you blink.
   It increases your rate of regeneration.
 i - the ring of Amelioration (left hand) {rC- MP+9 AC+5 Int+5 Dex+4}
   (You bought it in a shop on level 8 of the Dungeon)

   [ring of protection]

   It affects your AC (+5).
   It affects your intelligence (+5).
   It affects your dexterity (+4).
   It makes you vulnerable to cold.
   It affects your magic capacity (+9).
 L - the ring "Natysmull" (right hand) {rN+ Str-2 Int+8 Dex-3 Slay+6}
   (You found it on level 3 of the Crypt)

   [ring of positive energy]

   It affects your strength (-2).
   It affects your intelligence (+8).
   It affects your dexterity (-3).
   It affects your accuracy and damage with ranged weapons and melee attacks
   (+6).
   It protects you from negative energy.
Wands
 H - a wand of digging (9/24)
 S - a wand of disintegration (11/24)
 U - a wand of teleportation (5/9)
Scrolls
 b - 14 scrolls of magic mapping
 c - 4 scrolls of immolation
 g - 2 scrolls of amnesia
 l - 25 scrolls of teleportation
 m - 16 scrolls of remove curse
 n - 16 scrolls of recharging
 p - 9 scrolls of fear
 y - 12 scrolls of fog
 D - 23 scrolls of identify
 Q - 8 scrolls of blinking
 Y - 3 scrolls of silence
Potions
 q - 5 potions of ambrosia
 r - 14 potions of brilliance
 t - 4 potions of curing
 v - a potion of cancellation
 z - 2 potions of agility
 G - 8 potions of magic
 K - 9 potions of resistance
 M - 3 potions of cure mutation
 T - a potion of berserk rage
 X - a potion of flight
Miscellaneous
 o - a sack of spiders {used: 9}
 A - a lamp of fire (inert)
 I - a box of beasts {used: 5}
 J - a stone of tremors
 V - a fan of gales
 W - a box of beasts
 Z - a sack of spiders
Comestibles
 u - 26 meat rations
 R - 3 bread rations


   Skills:
 * Level 11.5 Fighting
 - Level 14.2(15.1) Axes
 - Level 9.3(12.8) Maces & Flails
   Level 1.0(5.9) Staves
 O Level 27 Armour
 * Level 18.4 Dodging
 - Level 1.0 Stealth
 O Level 27 Shields
 - Level 8.8 Spellcasting
 - Level 14.3 Necromancy
 - Level 8.0 Evocations


You had 17 spell levels left.
You knew the following spells:

 Your Spells              Type           Power        Failure   Level  Hunger
a - Apportation           Tloc           ##........   50%         1    None
b - Regeneration          Chrm/Necr      ######....   10%         3    None
d - Song of Slaying       Chrm           ##......     75%         2    None
e - Deflect Missiles      Chrm/Air       ##........   100%        6    #####..
f - Statue Form           Trmt/Erth      ##.......    100%        6    #####..
g - Blink                 Tloc           N/A          75%         2    None
h - Haste                 Chrm           ##......     100%        6    #####..


Dungeon Overview and Level Annotations

Branches:
Dungeon (15/15)            Temple (1/1) D:5            Lair (8/8) D:8
 Shoals (4/4) Lair:5       Spider (4/4) Lair:5        Slime (6/6) Lair:8
    Orc (2/2) D:11            Elf (3/3) Orc:2        Vaults (5/5) D:13
  Crypt (3/3) Vaults:2       Tomb (0/3) Crypt:3      Depths (5/5) D:15
    Zot (5/5) Depths:5

Altars:
Ashenzari
Cheibriados
Dithmenos
Elyvilon
Fedhas
Gozag
Kikubaaqudgha
Makhleb
Nemelex Xobeh
Okawaru
Pakellas
Qazlal
Ru
Sif Muna
Trog
Vehumet
Xom
Yredelemnul
Zin
The Shining One
Jiyva
Lugonu

Shops:
D:6 =*}(*   D:8 =:[   D:15 [?=[[([:(([((*   Orc:1 }[   Orc:2 *??[   Elf:2 *
Shoals:1 }[[   Vaults:1 }   Vaults:2 [   Vaults:4 ((!

Portals:
Hell: Depths:1 Depths:2 Depths:3 Depths:4 Depths:5
Abyss: Depths:2 Depths:4 Depths:5
Pandemonium: Depths:1 Depths:3
Trove: Depths:1 (give 7 potions of haste)

Annotations:
Spider:4 exclusion: Roxanne, Roxanne
Elf:2 3 runed doors
Pan Gloorx Vloq


Innate Abilities, Weirdness & Mutations

You have a pair of large antennae on your head (SInv).
You are completely covered in iridescent scales (AC +8).
You are completely covered in sharp spines.
Your magical and physical power is greatly enhanced at high health.
When hurt, damage is shared between your health and your magic reserves.
You regenerate magic rapidly.
When low on magic, you restore magic in place of health.
Your body sometimes deteriorates upon taking damage.


Message History

The Executioner hits you but does no damage.
You block the Executioner's attack.
The Executioner hits you but does no damage.
You block the Executioner's attack. Gloorx Vloq gestures at you.
The foul vapour engulfs the Executioner.
The Executioner completely resists.
You block the Executioner's attack.
The Executioner hits you but does no damage. x3
The Executioner misses you. The Executioner completely misses you.
The Executioner gestures at you. You resist with almost no effort.
The Executioner hits you!
* * * LOW HITPOINT WARNING * * *
The Executioner barely misses you. The Executioner misses you.
Read which item? (? for menu, Esc to quit)
As you read the scroll of teleportation, it crumbles to dust.
You feel strangely unstable.
You are engulfed in dark miasma.
You are lethally poisoned!
You feel your flesh rotting away!
You die...
Your body crumbles into a pile of gold.

##################
###......#.#.#.#.#.#
##...#...#.#.#.#.#.#.
##...........#.#.#.#..
#.....#...#...#.#.#...
##..#.§.......#.#.#.#..
**********#....§1#§§.#.#.#.#.#.#.
,,,,,,,,,*#.....@11...#.#.#.#.#.#
,,,,∩,,,,*#...####§§'############
+******,,*#.#.#..{......#*,,,*#..
,,,,,,*,,*#...#.........#.#*#.#..
,,,,,,+,,*#...#.........#..,..#..
,,,,,,*,,*#...##.......##.....##.
*******,,*#.#.#.#.....##.1&....##
,,,,,,,,,*#...#§.#...###.......##
,,,,,,,,,*#...#.#.#.#.##.......##


You could see 3 Executioners.

Vanquished Creatures
  the Royal Jelly (Slime:6)
  3 ancient liches
  4 juggernauts
  The ghost of ciphuk the Executioner, a legendary DDFi of Makhleb (Slime:2)
  Sojobo (Crypt:3)
  Boris (twice) (Vaults:3 Crypt:3)
  6 pandemonium lords
  The ghost of Chiseanne the Intangible, a legendary SpAs of Gozag (Pan)
  Margery (Depths:5)
  Frederick (Vaults:3)
  Saint Roka (Crypt:3)
  A shard shrike (Zig:10)
  10 Killer Klowns
  4 golden dragons
  the Enchantress (Depths:3)
  A golden dragon (shapeshifter) (Zig:9)
  3 caustic shrikes (Zig:16)
  2 Tzitzimimeh
  Jory (Vaults:2)
  2 bone dragons (Crypt:3)
  A hellephant (Zig:16)
  5 electric golems
  A Cloud Mage (WizLab)
  5 Hell Sentinels (Pan)
  An Ice Fiend (Pan)
  3 Orb Guardians (Zot:5)
  2 Brimstone Fiends
  Rupert (Lair:7)
  9 tentacled monstrosities
  8 titans
  An iron dragon (shapeshifter) (Zig:9)
  4 liches
  A kraken (Shoals:3)
  Gastronok (Lair:3)
  A deep elf blademaster (Elf:3)
  A quicksilver dragon (shapeshifter) (Zig:14)
  A deep elf master archer (Elf:3)
  7 sphinxes
  24 acid blobs
  2 quicksilver dragons (Vaults:5)
  21 Executioners
  2 death cobs
  7 ancient champions
  7 storm dragons
  A shadow dragon (shapeshifter) (Vaults:5)
  3 shadow dragons
  Ilsuiw (Shoals:4)
  A draconian monk (Depths:5)
  An azure jelly (shapeshifter) (Zig:9)
  3 greater nagas (Zig:18)
  10 tengu reavers
  2 revenants
  15 azure jellies
  5 fire giants
  8 deep elf sorcerers
  9 ghost moths
  14 frost giants
  7 emperor scorpions
  Aizul (Shoals:4)
  Maud (Depths:3)
  A cacodemon (Pan)
  20 vault wardens
  Donald (Spider:1)
  2 corrupters
  A draconian knight (Zot:1)
  2 iron dragons
  A balrug (Pan)
  4 curse skulls
  10 ghouls (Crypt:3)
  A draconian scorcher (Zot:1)
  3 draconian shifters
  4 deep elf elementalists
  4 war gargoyles
  6 spriggan defenders
  19 stone giants
  17 ironheart preservers
  5 reapers
  A stone giant (shapeshifter) (Zig:9)
  18 very ugly things
  A draconian annihilator (Zot:2)
  6 vampire knights
  The ghost of Chiseanne the Imperceptible, an adept SpAs of Gozag (Vaults:2)
  7 deep elf demonologists
  2 yellow draconians (Zot:1)
  5 green draconians
  3 lorocyprocas
  Nessos (D:15)
  3 chaos champions
  A white draconian (Depths:5)
  A salamander stormcaller (Vaults:2)
  2 dire elephants
  2 black draconians
  8 mottled draconians
  2 black suns
  9 deep elf annihilators
  The ghost of symbioosi the Carver, a journeyman MiBe of Trog (Spider:1)
  3 red draconians
  18 spark wasps
  4 purple draconians
  18 ettins
  2 merfolk javelineers
  19 fire dragons
  2 eidola
  4 green deaths
  A minotaur (shapeshifter) (Zig:14)
  7 jiangshi
  9 deep elf death magi
  26 vault guards
  The ghost of StormFighter the Grappler, a journeyman TrMo of Cheibriados (D:11)
  Erolcha (D:9)
  22 yaktaur captains
  5 merfolk impalers
  6 death oozes
  5 blizzard demons
  Josephine (D:15)
  Fannar (D:11)
  A mummy priest (Zig:2)
  A minotaur (Lab)
  A quicksilver dragon zombie (Zig:10)
  7 entropy weavers
  13 great orbs of eyes
  8 deep elf high priests
  A great orb of eyes (shapeshifter) (Depths:1)
  2 rakshasas
  9 spriggan air magi
  15 ogre magi
  A quicksilver dragon skeleton (Crypt:3)
  16 hydras
  20 ice dragons
  A monstrous demonspawn (Pan)
  6 merfolk avatars
  3 hell beasts
  A ghost crab (Zig:15)
  8 deep troll shamans
  4 catoblepae
  Erica (D:9)
  8 centaur warriors
  An alligator (Zig:18)
  5 death knights
  9 merfolk aquamancers
  10 death yaks
  2 alligator snapping turtles
  4 deep troll earth magi
  4 tengu warriors
  2 satyrs (Shoals:4)
  3 vampire magi
  Urug (Lair:1)
  4 orc high priests
  8 soul eaters
  Nergalle (D:11)
  A shock serpent (Zig:18)
  10 spriggan berserkers
  A titan zombie (Crypt:2)
  4 titan skeletons
  4 iron trolls (Depths:2)
  19 deep elf knights
  5 sun demons (Pan)
  A fire crab (Vaults:2)
  17 large abominations
  A fire crab (shapeshifter) (Vaults:3)
  12 shadow wraiths
  A wretched star (Abyss:3)
  21 hell knights
  3 storm dragon skeletons
  A death scarab (Zig:19)
  61 skeletal warriors
  A golden dragon zombie (Crypt:3)
  An iron troll (shapeshifter) (Zig:14)
  An unseen horror (shapeshifter) (Elf:1)
  24 deep trolls
  5 sea snakes
  An unseen horror (Vaults:1)
  4 shadow demons
  2 deep trolls (shapeshifter)
  A death drake (Depths:3)
  4 shambling mangroves (Zig:15)
  3 spriggan druids
  10 giant orange brains
  A spectral anaconda (Depths:3)
  2 death drakes (shapeshifter)
  2 orange crystal statues (Depths:3)
  12 deep elf archers
  10 swamp dragons
  10 flayed ghosts
  A gelid demonspawn (Pan)
  2 infernal demonspawn
  14 ironbrand convokers
  14 phantasmal warriors
  3 hill giants
  Pikel (D:9)
  2 swamp dragons (shapeshifter)
  13 orc knights
  A shadow dragon zombie (Crypt:2)
  An anaconda skeleton (Crypt:3)
  2 lindwurms (shapeshifter)
  A golden dragon skeleton (Crypt:3)
  A putrid demonspawn (Pan)
  5 torturous demonspawn
  14 necromancers
  An anubis guard (shapeshifter) (Vaults:4)
  20 harpies
  27 wolf spiders
  13 orb spiders
  2 mana vipers (Depths:3)
  A tengu skeleton (Zig:10)
  A mana viper (shapeshifter) (Depths:3)
  67 deep elf magi
  4 wizards
  14 hornets
  12 fauns
  8 shining eyes
  57 ugly things
  6 orc sorcerers
  2 human zombies
  An iron dragon skeleton (Crypt:3)
  A hornet (shapeshifter) (Depths:1)
  7 oklob plants (Zig:12)
  5 cyclopes
  10 manticores
  A manticore (shapeshifter) (Elf:3)
  2 fire giant zombies (Crypt:3)
  15 griffons
  Maurice (D:10)
  2 black mambas (shapeshifter)
  7 sixfirhies
  12 elephants
  15 sirens
  13 vault sentinels
  A stone giant skeleton (Crypt:3)
  17 moths of wrath
  An octopode (shapeshifter) (Elf:3)
  A water nymph (shapeshifter) (Zig:11)
  2 fire giant skeletons
  3 guardian serpents (Zig:18)
  12 black mambas
  3 frost giant skeletons (Crypt:3)
  2 ice statues (IceCv)
  7 smoke demons
  3 torpor snails (Zig:16)
  3 rust devils
  An eye of devastation (shapeshifter) (Vaults:3)
  2 storm dragon simulacra
  5 water nymphs
  3 shock serpent skeletons (Crypt:3)
  2 molten gargoyles (Lair:4)
  A drowned soul (Abyss:3)
  25 spiny frogs
  A gargoyle (D:11)
  2 dire elephant zombies (Crypt:2)
  3 apocalypse crabs
  A white draconian zombie (Crypt:2)
  6 eyes of devastation
  7 orange demons
  2 spiny frogs (shapeshifter)
  2 kobold demonologists
  2 pale draconian zombies
  A rime drake (shapeshifter) (Zig:11)
  9 rime drakes
  A dire elephant skeleton (Pan)
  25 demonic crawlers
  2 yaktaurs (shapeshifter)
  9 komodo dragons
  A spriggan skeleton (Zig:10)
  59 yaktaurs
  2 efreet
  14 freezing wraiths
  3 guardian mummies
  4 tormentors
  A harpy zombie (D:15)
  6 hellwings
  4 red devils (Pan)
  8 ice devils
  2 anaconda simulacra
  4 spectral merfolk (Depths:3)
  A wind drake (shapeshifter) (Vaults:2)
  34 jumping spiders
  31 merfolk
  10 trolls
  A mottled draconian skeleton (Crypt:2)
  3 tengu conjurers
  2 jumping spiders (shapeshifter)
  A harpy skeleton (D:14)
  2 queen bees (shapeshifter)
  A sea snake skeleton (Crypt:1)
  Prince Ribbit (D:5)
  3 giant leeches (shapeshifter)
  2 ettin zombies (Crypt:3)
  5 polar bears (Lair:8)
  6 raiju
  A raiju (shapeshifter) (Vaults:5)
  18 two-headed ogres
  3 hydra skeletons
  15 wind drakes
  6 boulder beetles
  A slime creature (shapeshifter) (Zig:9)
  18 blink frogs
  103 slime creatures
  3 bog bodies
  Grinder (D:3)
  An alligator zombie (Crypt:3)
  26 flying skulls
  A snapping turtle (Shoals:4)
  An alligator skeleton (Crypt:2)
  2 ice dragon skeletons (Crypt:3)
  78 redbacks
  19 wraiths
  6 shadows
  22 spriggans
  36 air elementals
  27 tarantellas
  13 water elementals
  85 yaks
  A vampire (Depths:3)
  2 fire dragon skeletons (Crypt:3)
  A salamander simulacrum (Vaults:1)
  An elf zombie (Vaults:5)
  3 wyverns
  An ettin skeleton (Crypt:3)
  2 fire elementals (Zig:5)
  3 ynoxinuls
  A basilisk (shapeshifter) (Depths:2)
  9 golden eyes
  A hippogriff (shapeshifter) (Depths:3)
  19 hippogriffs
  8 chaos spawn
  4 neqoxecs
  A human (shapeshifter) (Depths:4)
  2 steam dragons
  10 basilisks
  19 wargs
  Menkaure (D:6)
  A human simulacrum (Vaults:3)
  2 hungry ghosts
  A naga (Zig:18)
  4 mottled dragons
  A yaktaur simulacrum (Vaults:1)
  An elf skeleton (Vaults:5)
  23 insubstantial wisps
  22 vampire mosquitoes
  3 soldier ants
  2 hydra simulacra (Depths:3)
  A faun zombie (Crypt:1)
  A torturous demonspawn zombie (Crypt:3)
  3 spectral trolls (Depths:3)
  4 giant eyeballs
  A torturous demonspawn skeleton (Crypt:3)
  A putrid demonspawn skeleton (Crypt:3)
  14 porcupines
  19 water moccasins
  2 spiny frog skeletons (Pan)
  A water nymph skeleton (Crypt:3)
  A gelid demonspawn skeleton (Crypt:3)
  2 snapping turtle zombies (Depths:3)
  6 hell hounds
  36 orc warriors
  5 spectral spriggans
  A black bear (shapeshifter) (Vaults:1)
  An eye of draining (shapeshifter) (Vaults:1)
  3 slaves (D:9)
  7 black bears
  An ettin simulacrum (Vaults:1)
  21 ice beasts
  19 wasps
  4 necrophages (Crypt:3)
  A phantom (D:10)
  2 sky beasts
  13 starcursed masses
  A tengu (shapeshifter) (Vaults:1)
  46 ogres
  2 swamp dragon zombies (Crypt:3)
  7 eyes of draining
  23 wolves
  25 centaurs
  A snapping turtle skeleton (Crypt:3)
  An ogre (shapeshifter) (Elf:3)
  4 small abominations
  16 crocodiles
  Blork the orc (D:6)
  4 big kobolds
  A dryad zombie (Crypt:3)
  3 earth elementals
  22 giant frogs
  5 human skeletons
  4 scorpions
  A spectral naga (Depths:3)
  A boulder beetle zombie (Vaults:1)
  36 killer bees
  A polar bear zombie (Crypt:3)
  28 wights
  2 spectral centaurs (Depths:3)
  7 crimson imps
  A centaur zombie (D:10)
  A giant frog skeleton (D:4)
  2 giant frog zombies
  11 hounds
  5 lava snakes (Lair:4)
  3 quasits
  48 jellies
  27 orc priests
  41 orc wizards
  A black bear zombie (Crypt:2)
  6 centaur skeletons
  4 iron imps
  12 iguanas
  5 worker ants
  A lightning spire (Zig:10)
  20 sheep
  A hound zombie (D:9)
  2 mummies (Zig:2)
  Robin (D:4)
  A howler monkey zombie (D:6)
  3 gnolls (D:6)
  16 adders
  31 river rats
  10 shadow imps
  A steam dragon skeleton (Crypt:2)
  A white imp (Zig:10)
  2 adder zombies
  2 adder skeletons
  5 worms
  11 giant geckos
  111 orcs
  4 bats
  3 giant cockroaches
  18 goblins
  10 hobgoblins
  16 jackals
  20 kobolds
  3 quokkas
  4 ball pythons
  3 giant gecko skeletons
  A giant gecko zombie (D:6)
  13 giant newts
  An orc skeleton (Crypt:3)
  2 quokka skeletons
  16 rats
  11 fungi
  14 plants
  3 tentacles (Shoals:3)
3367 creatures vanquished.

Vanquished Creatures (collateral kills)
  Jorgrun (Vaults:3)
  A tentacled monstrosity (Zig:18)
  Louise (Spider:1)
  A black sun (Zig:12)
  A hydra (Zig:18)
  A ghost crab (Zig:18)
  A centaur warrior (Vaults:3)
  A deep elf knight (Vaults:3)
  An ugly thing (Zig:14)
  2 deep elf magi (Vaults:3)
  A jumping spider (Spider:1)
  A flying skull (Zig:19)
  A chaos spawn (Zig:14)
  2 orc warriors (Crypt:3)
  An orc wizard (Crypt:3)
  2 orcs (Crypt:3)
19 creatures vanquished.

Vanquished Creatures (others)
  A tentacled monstrosity (Zig:18)
  A thorn hunter (Zig:15)
  2 tengu reavers
  A draconian scorcher (Zot:1)
  2 stone giants
  3 merfolk javelineers
  2 yaktaur captains
  2 hydras
  A merfolk aquamancer (Shoals:4)
  A satyr (Shoals:4)
  2 centaur warriors
  15 dancing weapons
  A shadow wraith (Vaults:4)
  2 spriggan druids (Zig:15)
  A deep troll (shapeshifter) (Zig:11)
  9 deep elf archers
  A faun (Shoals:2)
  A guardian serpent (Zig:18)
  9 yaktaurs
  A boulder beetle (Zig:11)
  3 redbacks
  2 tarantellas
  A vampire mosquito (Vaults:2)
  A swamp drake (Zig:15)
  A slave (D:9)
  A wasp (Zig:15)
  3 centaurs
  A giant frog (D:9)
  2 jellies
  A ball lightning (Zot:3)
  10 fungi
  6 lost souls
  17 plants
  11 tentacles (Shoals:3)
  662 tentacle segments (Shoals:3)
780 creatures vanquished.

Grand Total: 4166 creatures vanquished

Notes
Turn   | Place    | Note
--------------------------------------------------------------
     0 | D:1      | Chiseanne the Demonspawn Wanderer began the quest for the Orb.
     0 | D:1      | Chiseanne set off with: a +2 dagger, a potion of heal wounds, a +0 hand crossbow, 29 bolts, a +0 quarterstaff, a +0 robe, a bread ration
     0 | D:1      | Reached XP level 1. HP: 15/15 MP: 2/2
   134 | D:1      | Gained mutation: You are partially covered in iridescent scales (AC +4). [demonic ancestry]
   134 | D:1      | Reached XP level 2. HP: 15/21 MP: 3/3
   352 | D:1      | Reached skill level 1 in Dodging
   849 | D:2      | Gained mutation: You have a pair of small antennae on your head. [demonic ancestry]
   849 | D:2      | Reached XP level 3. HP: 25/27 MP: 4/4
  1874 | D:2      | Reached XP level 4. HP: 27/34 MP: 5/5
  2112 | D:3      | Noticed Grinder
  2119 | D:3      | Paralysed by Grinder for 6 turns
  2125 | D:3      | Reached skill level 5 in Armour
  2127 | D:3      | Gained mutation: Your natural rate of healing is unusually fast. [potion of mutation]
  2127 | D:3      | Gained mutation: You are frail (-10% HP). [potion of mutation]
  2127 | D:3      | Gained mutation: Your muscles are strong. (Str +2) [potion of mutation]
  2141 | D:3      | Killed Grinder
  2141 | D:3      | Gained mutation: You have a pair of antennae on your head. [demonic ancestry]
  2141 | D:3      | Reached XP level 5. HP: 27/37 MP: 6/6
  2247 | D:2      | Gained mutation: You are partially covered in sharp spines. [demonic ancestry]
  2247 | D:2      | Reached XP level 6. HP: 8/43 MP: 7/7
  2566 | D:3      | Found a glowing drain.
  2589 | Sewer    | Entered a sewer
  2637 | Sewer    | Noticed Chiseanne's ghost (amateur SpAs)
  3044 | D:3      | Found a burning altar of Makhleb.
  3044 | D:3      | Found a shadowy altar of Dithmenos.
  3045 | D:3      | Found a snail-covered altar of Cheibriados.
  3373 | D:4      | Noticed Robin
  3383 | D:4      | Killed Robin
  3452 | D:4      | Reached skill level 5 in Fighting
  3452 | D:4      | Gained mutation: You are mostly covered in iridescent scales (AC +6). [demonic ancestry]
  3452 | D:4      | Reached XP level 7. HP: 24/50 MP: 8/8
  3675 | D:4      | Found a blossoming altar of Fedhas.
  3702 | D:5      | Entered Level 5 of the Dungeon
  3783 | D:5      | Found a staircase to the Ecumenical Temple.
  3842 | D:5      | Found a shadowy altar of Dithmenos.
  3958 | Temple   | Entered the Ecumenical Temple
  4079 | Temple   | Became a worshipper of Gozag Ym Sagoz the Greedy
  4132 | D:5      | Noticed Prince Ribbit
  4139 | D:5      | Killed Prince Ribbit
  4242 | D:5      | Reached XP level 8. HP: 53/58 MP: 9/9
  4250 | D:5      | Found a basalt altar of Yredelemnul.
  4518 | D:6      | Found Puudeofuu's Gadget Emporium.
  4595 | D:6      | Found Vafaegan's Antique Weapon Emporium.
  4598 | D:6      | Bought a glowing quarterstaff for 88 gold pieces
  4598 | D:6      | Bought a runed hand crossbow for 77 gold pieces
  4661 | D:6      | Noticed Menkaure
  4667 | D:6      | Killed Menkaure
  4803 | D:6      | Noticed Blork the orc
  4814 | D:6      | Killed Blork the orc
  4987 | D:6      | Found Diawn's Assorted Antiques.
  5041 | D:6      | Bought a bubbling ruby potion for 23 gold pieces
  5041 | D:6      | Bought a scroll of identify for 52 gold pieces
  5113 | D:6      | Found Fyeluigg's Jewellery Shop.
  5121 | D:6      | Bought a cursed ring of loudness for 58 gold pieces
  5258 | D:6      | Identified a scroll of acquirement
  5297 | D:6      | Reached XP level 9. HP: 63/65 MP: 10/10
  5425 | D:6      | Reached skill level 1 in Axes
  5468 | D:6      | Bought a pink potion for 25 gold pieces
  5468 | D:6      | Bought a scroll labeled YMPEMO LEYMOID for 28 gold pieces
  6009 | D:7      | Found an oddly glowing altar of Pakellas.
  6076 | D:7      | Found a deep blue altar of Sif Muna.
  6196 | D:8      | Reached skill level 5 in Dodging
  6690 | D:8      | Reached XP level 10. HP: 65/73 MP: 11/11
  6753 | D:8      | Found a staircase to the Lair.
  7192 | D:9      | Noticed Erolcha
  7213 | D:9      | Killed Erolcha
  7403 | D:9      | Noticed Pikel
  7411 | D:9      | Killed Pikel
  7839 | D:9      | Noticed Erica
  7848 | D:9      | Killed Erica
  7848 | D:9      | Reached skill level 5 in Axes
  8041 | D:9      | Reached skill level 10 in Armour
  8363 | D:9      | Found a glowing golden altar of the Shining One.
  8728 | D:9      | Reached XP level 11. HP: 68/81 MP: 12/12
  8769 | D:10     | Entered Level 10 of the Dungeon
  9188 | D:6      | Bought a faintly humming gold dragon armour for 2380 gold pieces
  9188 | D:6      | Bought a glowing wooden wand for 112 gold pieces
  9199 | D:6      | Identified the +12 gold dragon armour of the Eleven Realms {rPois rF+ rC+ rN+ Str+7 SInv} (You bought it in a shop on level 6 of the Dungeon)
  9271 | Lair:1   | Entered Level 1 of the Lair of Beasts
  9398 | Lair:1   | Reached skill level 10 in Fighting
  9444 | Lair:1   | Noticed Urug
  9467 | Lair:1   | Killed Urug
 10001 | Lair:1   | Noticed an eight-headed hydra
 10008 | Lair:1   | Killed a six-headed hydra
 10346 | Lair:2   | Noticed a six-headed hydra
 10353 | Lair:2   | Killed a two-headed hydra
 11483 | Lair:3   | Gained mutation: When hurt, damage is shared between your health and your magic reserves. [demonic ancestry]
 11483 | Lair:3   | Reached XP level 12. HP: 78/88 MP: 13/13
 11554 | Lair:3   | Found a frozen archway.
 11568 | IceCv    | Entered an ice cave
 11569 | IceCv    | Gained mutation: Your flesh is cold resistant. [potion of beneficial mutation]
 11711 | IceCv    | Noticed an ice dragon
 11715 | IceCv    | Noticed an ice dragon
 11725 | IceCv    | Killed an ice dragon
 11726 | IceCv    | Killed an ice dragon
 11786 | IceCv    | Got a twitching bone ring
 11793 | IceCv    | Identified the ring of Ruim {Str+2 Dex+2} (You found it in an ice cave)
 12202 | Lair:3   | Reached skill level 10 in Axes
 12273 | Lair:3   | Noticed Gastronok
 12292 | Lair:3   | Killed Gastronok
 13061 | Lair:4   | Found a labyrinth entrance.
 13082 | Lab      | Entered a labyrinth
 13287 | Lab      | Noticed a minotaur
 13296 | Lab      | Killed a minotaur
 13296 | Lab      | Gained mutation: You regenerate magic rapidly. [demonic ancestry]
 13296 | Lab      | Reached XP level 13. HP: 66/93 MP: 9/14
 13433 | Lair:4   | Found an iron altar of Okawaru.
 14509 | Lair:5   | Found a hole to the Spider Nest.
 14514 | Lair:5   | Found a staircase to the Shoals.
 15288 | Lair:6   | Reached XP level 14. HP: 81/99 MP: 11/15
 15315 | Lair:6   | Found a shadowy altar of Dithmenos.
 16005 | Lair:7   | Noticed Rupert
 16020 | Lair:7   | Killed Rupert
 16278 | Lair:7   | Identified the Reference Book on Supportive Feathers
 16688 | Lair:8   | Entered Level 8 of the Lair of Beasts
 16833 | Lair:8   | Identified the Tome of Curses (You found it on level 8 of the Lair of Beasts)
 16838 | Lair:8   | Found a staircase to the Slime Pits.
 16838 | Lair:8   | Found a viscous altar of Jiyva.
 17188 | Lair:8   | Reached skill level 15 in Armour
 17439 | Lair:8   | Reached skill level 5 in Evocations
 18051 | D:8      | Bought a cursed -2 ring of evasion for 30 gold pieces
 18061 | D:8      | Bought the ring of Harmony {rF+ rN+ Str+3 Stlth-} for 480 gold pieces
 18069 | D:8      | Bought the ring of Amelioration {rC- MP+9 AC+5 Int+5 Dex+4} for 1108 gold pieces
 18098 | D:8      | Bought a polished cloak for 247 gold pieces
 18113 | D:8      | Identified the -2 cloak of the Swamp {rCorr Stlth+} (You bought it in a shop on level 8 of the Dungeon)
 18383 | D:10     | Reached XP level 15. HP: 105/105 MP: 19/19
 18489 | D:10     | Noticed Maurice
 18502 | D:10     | Killed Maurice
 19252 | D:11     | Noticed Nergalle
 19286 | D:11     | Killed Nergalle
 19452 | D:11     | Noticed StormFighter's ghost (journeyman TrMo)
 19467 | D:11     | Killed StormFighter's ghost
 19616 | D:11     | Noticed Fannar
 19634 | D:11     | Killed Fannar
 19762 | D:11     | Found a staircase to the Orcish Mines.
 21407 | D:13     | Found a gate to the Vaults.
 21418 | D:13     | Reached skill level 10 in Dodging
 21521 | D:13     | Found a stormy altar of Qazlal.
 22249 | D:14     | Found an iron altar of Okawaru.
 22579 | D:15     | Entered Level 15 of the Dungeon
 22637 | D:15     | Found Gozag's Platinum Reserve.
 22785 | D:15     | Noticed Nessos
 22804 | D:15     | Killed Nessos
 23080 | D:15     | Found a staircase to the Depths.
 23298 | D:15     | Found an opulent altar of Gozag.
 23300 | D:15     | Noticed Josephine
 23428 | D:15     | Killed Josephine
 23715 | D:15     | Bought an ichor-stained war axe for 280 gold pieces
 23716 | D:15     | Identified the +3 war axe "Biqav" {flame, rF- rC- MR+++ Stlth+} (You bought it in a shop on level 15 of the Dungeon)
 24046 | Spider:1 | Entered Level 1 of the Spider Nest
 24046 | Spider:1 | Noticed Donald
 24068 | Spider:1 | Killed Donald
 24855 | Spider:1 | Noticed symbioosi's ghost (journeyman MiBe)
 24879 | Spider:1 | Killed symbioosi's ghost
 24879 | Spider:1 | Reached skill level 1 in Shields
 25031 | Spider:1 | Noticed Louise
 25032 | Spider:1 | Reached skill level 1 in Maces & Flails
 25036 | Spider:1 | Gained mutation: Your magical and physical power is slightly enhanced at high health. [demonic ancestry]
 25036 | Spider:1 | Reached XP level 16. HP: 105/110 MP: 22/22
 25049 | Spider:1 | Cast into level 3 of the Abyss (Louise)
 25138 | Abyss:3  | Got an abyssal rune of Zot
 25393 | Abyss:3  | Paralysed by accursed screaming for 1 turns
 25396 | Abyss:3  | Paralysed by accursed screaming for 1 turns
 25428 | Spider:1 | Escaped the Abyss
 25440 | Spider:1 | Killed Louise
 26748 | Spider:2 | Reached skill level 5 in Shields
 26809 | Spider:2 | Reached skill level 5 in Maces & Flails
 28085 | Spider:4 | Entered Level 4 of the Spider Nest
 28171 | Spider:4 | Noticed Roxanne
 28284 | Spider:4 | Gained mutation: Your magical and physical power is enhanced at high health. [demonic ancestry]
 28284 | Spider:4 | Reached XP level 17. HP: 31/116 MP: 6/23
 29038 | Spider:4 | Got a gossamer rune of Zot
 29509 | Shoals:1 | Entered Level 1 of the Shoals
 29816 | Shoals:1 | Found Ykufaal's Antique Armour Emporium.
 29824 | Shoals:1 | Found Rynwiuhe's Armour Boutique.
 29841 | Shoals:1 | Bought a pair of encrusted gloves for 247 gold pieces
 29842 | Shoals:1 | Identified the +2 pair of gloves "Acrybuca" {rElec rF+++ rC+} (You bought it in a shop on level 1 of the Shoals)
 29861 | Shoals:1 | Found Acioc's Gadget Boutique.
 30011 | Shoals:2 | Reached skill level 10 in Shields
 30454 | Shoals:3 | Found Kuolofom's Magic Scroll Emporium.
 30477 | Shoals:3 | Bought a scroll of amnesia for 63 gold pieces
 30477 | Shoals:3 | Bought a scroll of identify for 36 gold pieces
 30477 | Shoals:3 | Bought a scroll of identify for 36 gold pieces
 30477 | Shoals:3 | Bought a scroll of identify for 36 gold pieces
 30477 | Shoals:3 | Bought a scroll of identify for 36 gold pieces
 30477 | Shoals:3 | Bought a scroll of immolation for 63 gold pieces
 30585 | Shoals:3 | Noticed a kraken
 30628 | Shoals:3 | Killed a kraken
 30675 | Shoals:4 | Entered Level 4 of the Shoals
 30706 | Shoals:4 | Noticed Ilsuiw
 30717 | Shoals:4 | Killed Ilsuiw
 30860 | Shoals:4 | Gained mutation: You have a pair of large antennae on your head (SInv). [demonic ancestry]
 30860 | Shoals:4 | Reached XP level 18. HP: 113/122 MP: 24/24
 30886 | Shoals:3 | Noticed Aizul
 30912 | Shoals:4 | Killed Aizul
 31604 | Shoals:4 | Got a barnacled rune of Zot
 32171 | D:15     | Bought a warped war axe for 280 gold pieces
 32171 | D:15     | Identified the +12 war axe of Fate {speed, rF- Dex+4 Stlth+} (You bought it in a shop on level 15 of the Dungeon)
 32250 | Vaults:1 | Entered Level 1 of the Vaults
 32708 | Vaults:1 | Found Sumuis's Gadget Boutique.
 32971 | Vaults:1 | Reached skill level 15 in Shields
 33644 | Vaults:1 | Gained mutation: You are completely covered in iridescent scales (AC +8). [demonic ancestry]
 33644 | Vaults:1 | Reached XP level 19. HP: 118/127 MP: 25/25
 34030 | Vaults:2 | Noticed Chiseanne's ghost (adept SpAs)
 34041 | Vaults:2 | Killed Chiseanne's ghost
 34273 | Vaults:2 | Noticed Jory
 34288 | Vaults:2 | Killed Jory
 34445 | Vaults:2 | Paralysed by a vampire knight for 2 turns
 34535 | Vaults:2 | Found a staircase to the Crypt.
 34786 | Vaults:2 | Found Luust's Armour Shop.
 35724 | D:15     | Bought a spiked cloak for 266 gold pieces
 35724 | D:15     | Bought a pair of heavily runed gloves for 266 gold pieces
 35727 | D:15     | Identified the cursed -2 cloak of Articulation {rElec rC- Str+4 Stlth+} (You bought it in a shop on level 15 of the Dungeon)
 35729 | D:15     | Identified the +0 pair of gloves of Defence {*Contam rN++ Int+2} (You bought it in a shop on level 15 of the Dungeon)
 36071 | Vaults:3 | Noticed Boris
 36086 | Vaults:3 | Killed Boris
 36090 | Vaults:3 | Noticed Jorgrun
 36110 | Vaults:3 | Killed Jorgrun
 36281 | Vaults:3 | Got a heavily runed amber ring
 36429 | Vaults:3 | Reached XP level 20. HP: 114/131 MP: 26/26
 36580 | Vaults:3 | Noticed Frederick
 36597 | Vaults:3 | Killed Frederick
 37494 | Vaults:4 | Cast into level 2 of the Abyss (a deep elf sorcerer)
 37518 | Vaults:4 | Escaped the Abyss
 37862 | Vaults:4 | Found Ruhir's Antique Weapon Shop.
 37862 | Vaults:4 | Found Fiwatesoex's Antique Weapon Shop.
 37897 | Vaults:4 | Bought a glowing broad axe for 76 gold pieces
 37902 | Vaults:4 | Identified the ring "Vyq Izah" {SustAt Slay+5} (You took it off an ogre mage on level 3 of the Vaults)
 37926 | Vaults:4 | Found Haonati's Distillery.
 38261 | Vaults:4 | Bought a potion of cancellation for 128 gold pieces
 38261 | Vaults:4 | Bought a potion of agility for 64 gold pieces
 38261 | Vaults:4 | Bought a potion of curing for 48 gold pieces
 38261 | Vaults:4 | Bought 2 potions of berserk rage for 160 gold pieces
 38261 | Vaults:4 | Bought a potion of invisibility for 128 gold pieces
 38261 | Vaults:4 | Bought a potion of heal wounds for 80 gold pieces
 38261 | Vaults:4 | Bought a potion of invisibility for 128 gold pieces
 38261 | Vaults:4 | Bought a potion of heal wounds for 80 gold pieces
 38261 | Vaults:4 | Bought a potion of might for 64 gold pieces
 39045 | Crypt:1  | Entered Level 1 of the Crypt
 39193 | Crypt:1  | Got a steaming cloak
 39194 | Crypt:1  | Identified the +2 cloak "Mukaselo" {rN+} (You found it on level 1 of the Crypt)
 39616 | Crypt:2  | Reached XP level 21. HP: 136/136 MP: 27/27
 39847 | Crypt:3  | Entered Level 3 of the Crypt
 39847 | Crypt:3  | Noticed Boris
 39849 | Crypt:3  | Noticed Saint Roka
 39868 | Crypt:3  | Killed Boris
 39879 | Crypt:3  | Killed Saint Roka
 40233 | Crypt:3  | Found a staircase to the Tomb.
 40605 | Crypt:3  | Found a basalt altar of Yredelemnul.
 40798 | Crypt:3  | Noticed Sojobo
 40848 | Crypt:3  | Killed Sojobo
 41015 | Crypt:3  | Noticed an ancient lich
 41037 | Crypt:3  | Killed an ancient lich
 41287 | Crypt:3  | Cast into level 2 of the Abyss (skeletal warrior)
 41450 | Abyss:2  | Paralysed by accursed screaming for 1 turns
 41469 | Crypt:3  | Escaped the Abyss
 41585 | Crypt:3  | Got a faintly glowing pewter ring
 41585 | Crypt:3  | Got a brightly glowing marble ring
 41585 | Crypt:3  | Got a bound silver ring
 41587 | Crypt:3  | Identified the ring of the Imp {rF+ rN+} (You found it on level 3 of the Crypt)
 41588 | Crypt:3  | Identified the ring "Natysmull" {rN+ Str-2 Int+8 Dex-3 Slay+6} (You found it on level 3 of the Crypt)
 41591 | Crypt:3  | Identified the ring "Dimid" {rN+ MR- Int+6} (You found it on level 3 of the Crypt)
 41621 | Crypt:3  | Gained mutation: You are mostly covered in sharp spines. [demonic ancestry]
 41621 | Crypt:3  | Reached XP level 22. HP: 133/142 MP: 28/28
 42424 | Vaults:2 | You fall through a shaft for 2 floors!
 42738 | D:15     | Bought a glowing broad axe for 132 gold pieces
 42906 | Orc:1    | Entered Level 1 of the Orcish Mines
 43078 | Orc:1    | Found Soizut's Antique Armour Emporium.
 43236 | Orc:1    | Found Paiga's Quality Used Wands.
 43352 | Orc:1    | Bought a pair of embroidered boots for 112 gold pieces
 43565 | Orc:2    | Entered Level 2 of the Orcish Mines
 43817 | Orc:2    | Found Fiwysas's Armour Shoppe.
 43861 | Orc:2    | Found Wilyonui's General Store.
 43886 | Orc:2    | Found Risygyma's Magic Scroll Shop.
 43910 | Orc:2    | Bought a scroll of identify for 26 gold pieces
 43910 | Orc:2    | Bought a scroll of fear for 45 gold pieces
 43910 | Orc:2    | Bought a scroll of identify for 26 gold pieces
 43910 | Orc:2    | Bought a scroll of identify for 26 gold pieces
 43910 | Orc:2    | Bought a scroll of teleportation for 39 gold pieces
 43910 | Orc:2    | Bought a scroll of identify for 26 gold pieces
 43912 | Orc:2    | Found Watyti Asusa's Food Shoppe.
 43918 | Orc:2    | Bought a bread ration for 80 gold pieces
 43920 | Orc:2    | Bought a beef jerky for 19 gold pieces
 43920 | Orc:2    | Bought a meat ration for 65 gold pieces
 43920 | Orc:2    | Bought a meat ration for 65 gold pieces
 43920 | Orc:2    | Bought a beef jerky for 19 gold pieces
 43920 | Orc:2    | Bought a bread ration for 65 gold pieces
 43920 | Orc:2    | Bought a bread ration for 65 gold pieces
 43920 | Orc:2    | Bought a meat ration for 65 gold pieces
 43920 | Orc:2    | Bought a beef jerky for 19 gold pieces
 43920 | Orc:2    | Bought a bread ration for 65 gold pieces
 44058 | Orc:2    | Found a staircase to the Elven Halls.
 44363 | Orc:2    | Found Gontoihy's Magic Scroll Boutique.
 44366 | Orc:2    | Bought a scroll of magic mapping for 45 gold pieces
 44366 | Orc:2    | Bought a scroll of identify for 26 gold pieces
 44366 | Orc:2    | Bought a scroll of enchant armour for 97 gold pieces
 44366 | Orc:2    | Bought a scroll of identify for 26 gold pieces
 44366 | Orc:2    | Bought a scroll of enchant weapon for 97 gold pieces
 44366 | Orc:2    | Bought a scroll of teleportation for 39 gold pieces
 44366 | Orc:2    | Bought a scroll of magic mapping for 45 gold pieces
 44657 | Elf:1    | Entered Level 1 of the Elven Halls
 45351 | Elf:1    | Identified Facuek's Incunabulum of Battle Magic
 45937 | Elf:2    | Found Milunarr's Assorted Antiques.
 45956 | Elf:2    | Bought a potion of brilliance for 84 gold pieces
 46272 | Elf:2    | Found a runed gate.
 46272 | Elf:2    | Found a runed gate.
 46274 | Elf:2    | Found a runed gate.
 46508 | Elf:3    | Entered Level 3 of the Elven Halls
 46551 | Elf:3    | Found a magical portal.
 46567 | WizLab   | Entered The Chambers of Suyroc the Cloud Mage
 47137 | WizLab   | Identified the Grimoire of Air
 47156 | WizLab   | Identified Socugosy's Compendium of Feathers
 47365 | Elf:3    | Found a radiant altar of Vehumet.
 47682 | Elf:3    | Reached XP level 23. HP: 148/148 MP: 29/29
 47715 | Elf:3    | Cast into level 3 of the Abyss (a deep elf sorcerer)
 47763 | Abyss:4  | Gained mutation: Your magical capacity is low (-10% MP). [a neqoxec]
 47820 | Elf:3    | Escaped the Abyss
 48021 | Elf:3    | Learned a level 1 spell: Apportation
 49464 | Elf:3    | Identified a +4 rod of ignition (11/11) (You took it off a deep elf demonologist on level 3 of the Elven Halls)
 49930 | Slime:1  | Entered Level 1 of the Pits of Slime
 49990 | Slime:1  | Gained mutation: You are occasionally teleported next to monsters. [a shining eye]
 50004 | Slime:1  | Gained mutation: You are dopey. (Int -2) [a shining eye]
 50241 | Slime:2  | Gained mutation: You are agile. (Dex +2) [a shining eye]
 50621 | Slime:2  | Noticed ciphuk's ghost (legendary DDFi)
 50652 | Slime:2  | Killed ciphuk's ghost
 51340 | D:15     | Bought the +8 autumn katana {slice, Clar} for 1044 gold pieces
 51785 | Slime:6  | Entered Level 6 of the Pits of Slime
 51881 | Slime:6  | Noticed the Royal Jelly
 51894 | Slime:6  | Killed the Royal Jelly
 51989 | Slime:6  | Got a pair of scorched boots
 51992 | Slime:6  | Got a slimy rune of Zot
 52043 | Slime:6  | Identified the +5 pair of boots "Iramopt" {MR- Str+9 Stlth-} (You found it on level 6 of the Pits of Slime)
 52137 | Slime:6  | Gained mutation: You possess an exceptional clarity of mind. [a shining eye]
 52201 | Slime:6  | Identified the Collected Works on Frigorific Moulding (You found it on level 6 of the Pits of Slime)
 52295 | Slime:6  | Got a bound glass ring
 52298 | Slime:6  | Identified the ring "Qyssiurix" {rF+ rC+ Str+5 Dex+3 Stlth+} (You found it on level 6 of the Pits of Slime)
 52363 | Slime:6  | Learned a level 6 spell: Statue Form
 52393 | Slime:6  | Identified a +2 pair of boots of running (You found it on level 6 of the Pits of Slime)
 53035 | Vaults:5 | Entered Level 5 of the Vaults
 53042 | Vaults:5 | Gained mutation: When low on magic, you restore magic in place of health. [demonic ancestry]
 53042 | Vaults:5 | Reached XP level 24. HP: 106/155 MP: 26/26
 53049 | Vaults:5 | Reached skill level 27 in Shields
 53344 | Vaults:5 | Got a pitted copper ring
 53345 | Vaults:5 | Identified the ring "Numpiuklu" {+Inv MP+9 SInv} (You found it on level 5 of the Vaults)
 53369 | Vaults:5 | Identified a +2 rod of clouds (13/14) (You took it off a tengu reaver on level 5 of the Vaults)
 53370 | Vaults:5 | Identified a +4 rod of inaccuracy (10/10) (You found it on level 5 of the Vaults)
 53472 | Vaults:5 | Noticed an ancient lich
 53489 | Vaults:5 | Paralysed by an ancient lich for 2 turns
 53493 | Vaults:5 | Killed an ancient lich
 53817 | Vaults:5 | Got a scintillating ruby amulet
 53995 | Vaults:5 | Got a silver rune of Zot
 54228 | Vaults:5 | Noticed an ancient lich
 54238 | Vaults:5 | Killed an ancient lich
 54238 | Vaults:5 | Gained mutation: You are completely covered in sharp spines. [demonic ancestry]
 54238 | Vaults:5 | Reached XP level 25. HP: 135/161 MP: 26/26
 54752 | Vaults:5 | Identified Fitualee's Grimoire of Dark Companions
 54755 | Vaults:5 | Identified the Compendium of the Hot Ocelot
 55187 | D:15     | Identified the amulet of Incredulity {Harm *Drain rPois rC+ Int-3} (You found it on level 5 of the Vaults)
 55205 | D:15     | Bought a brightly glowing eveningstar for 920 gold pieces
 55206 | D:15     | Identified the +6 eveningstar of Ponech {crush, rF+ SInv} (You bought it in a shop on level 15 of the Dungeon)
 55221 | Depths:1 | Entered Level 1 of the Depths
 55554 | Depths:1 | Found a one-way gate leading to the halls of Pandemonium.
 55813 | Depths:1 | Found a portal to a secret trove of treasure.
 56003 | Depths:1 | Found a runed door.
 56132 | Depths:1 | Identified the Catalogue of the Bewitching Mountains
 56274 | Depths:1 | Found a gateway to Hell.
 56500 | Depths:2 | Noticed a juggernaut
 56522 | Depths:2 | Found a sacrificial altar of Ru.
 56530 | Depths:2 | Noticed a juggernaut
 56538 | Depths:2 | Killed a juggernaut
 56567 | Depths:2 | Killed a juggernaut
 56711 | Depths:2 | Got a clouded steel ring
 56814 | Depths:2 | Identified the ring of Nonn {+Fly Int+3 Dex+3 SInv} (You took it off a hell knight on level 2 of the Depths)
 57108 | Depths:2 | Found a corrupted altar of Lugonu.
 57143 | Depths:2 | Found a gateway to a ziggurat.
 57388 | Depths:2 | Found a one-way gate to the infinite horrors of the Abyss.
 58184 | Depths:3 | Noticed the Enchantress
 58227 | Depths:3 | Killed the Enchantress
 58230 | Depths:3 | Gained mutation: Your magical and physical power is greatly enhanced at high health. [demonic ancestry]
 58230 | Depths:3 | Reached XP level 26. HP: 88/165 MP: 26/26
 58609 | Depths:3 | Noticed Maud
 58622 | Depths:3 | Killed Maud
 58642 | Depths:3 | Reached XP level 27. HP: 167/172 MP: 26/26
 60039 | Depths:4 | Noticed a juggernaut
 60060 | Depths:4 | Killed a juggernaut
 60075 | Depths:4 | Got a faintly glowing jade ring
 60284 | Depths:4 | Found a corrupted altar of Lugonu.
 60415 | Depths:5 | Entered Level 5 of the Depths
 60541 | Depths:5 | Noticed Margery
 60591 | Depths:5 | Killed Margery
 60697 | Depths:5 | Found a gate to the Realm of Zot.
 60977 | Depths:5 | Paralysed by a great orb of eyes for 4 turns
 61510 | D:15     | Identified the ring "Cysyogg" {Ice Slay+2} (You took it off a vampire knight on level 4 of the Depths)
 61528 | D:15     | Bought the amulet of Impatience {RegenMP rElec rF+ rC+} for 754 gold pieces
 61678 | Zot:1    | Entered Level 1 of the Realm of Zot
 62533 | Zot:5    | Entered Level 5 of the Realm of Zot
 62861 | Zig:1    | Entered Level 1 of a ziggurat
 62862 | Zig:1    | Noticed a juggernaut
 62875 | Zig:1    | Killed a juggernaut
 62889 | Zig:2    | Entered Level 2 of a ziggurat
 62930 | Zig:3    | Entered Level 3 of a ziggurat
 62974 | Zig:4    | Entered Level 4 of a ziggurat
 63017 | Zig:4    | Lost mutation: You are dopey. (Int -2) [potion of cure mutation]
 63017 | Zig:4    | Lost mutation: Your magical capacity is low (-10% MP). [potion of cure mutation]
 63017 | Zig:4    | Lost mutation: Your natural rate of healing is unusually fast. [potion of cure mutation]
 63017 | Zig:4    | Lost mutation: You are agile. (Dex +2) [potion of cure mutation]
 63017 | Zig:4    | Lost mutation: You are occasionally teleported next to monsters. [potion of cure mutation]
 63017 | Zig:4    | Lost mutation: You are frail (-10% HP). [potion of cure mutation]
 63019 | Zig:5    | Entered Level 5 of a ziggurat
 63069 | Zig:6    | Entered Level 6 of a ziggurat
 63125 | Zig:6    | Identified the Catalogue of Black Secrets
 63135 | Zig:7    | Entered Level 7 of a ziggurat
 63226 | Zig:7    | Identified a +7 rod of clouds (13/13) (You found it on level 7 of a ziggurat)
 63231 | Zig:8    | Entered Level 8 of a ziggurat
 63316 | Zig:8    | Identified the Catalogue of Talismans
 63324 | Zig:8    | Learned a level 6 spell: Haste
 63326 | Zig:8    | Identified the Handbook of Entrancing Shape Shifting
 63350 | Zig:9    | Entered Level 9 of a ziggurat
 63360 | Zig:9    | Paralysed by a giant eyeball for 4 turns
 63463 | Zig:9    | Got a translucent morningstar
 63464 | Zig:9    | Identified the +7 morningstar "Qeacirecw" {vamp, +Inv rC+ Str-4} (You found it on level 9 of a ziggurat)
 63472 | Zig:10   | Entered Level 10 of a ziggurat
 63578 | Zig:11   | Entered Level 11 of a ziggurat
 64115 | Zig:11   | Identified the Compendium of Boosts and Clay (You found it on level 11 of a ziggurat)
 64119 | Zig:11   | Learned a level 2 spell: Song of Slaying
 64126 | Zig:12   | Entered Level 12 of a ziggurat
 64160 | Zig:12   | Noticed Tiplamiw the pandemonium lord
 64199 | Zig:12   | Killed Tiplamiw the pandemonium lord
 64242 | Zig:12   | Reached skill level 27 in Armour
 64700 | Zig:12   | Got a polished cloak
 64701 | Zig:12   | Identified the +1 cloak "Zeschupo" {+Inv rN+ Dex+4 SInv} (You found it on level 12 of a ziggurat)
 64712 | Zig:12   | Got a warped hand crossbow
 64713 | Zig:12   | Identified the +11 hand crossbow "Roeqet" {venom, Int+4} (You found it on level 12 of a ziggurat)
 64720 | Zig:13   | Entered Level 13 of a ziggurat
 64733 | Zig:13   | Reached skill level 1 in Necromancy
 64755 | Zig:13   | Reached skill level 5 in Necromancy
 65048 | Zig:13   | Got a fine tin ring
 65049 | Zig:13   | Identified the ring "Goyxziel" {rN+ MP+9 Dex+2 Stlth+} (You found it on level 13 of a ziggurat)
 65055 | Zig:13   | Identified the Collected Works on Supportive Protection (You found it on level 13 of a ziggurat)
 65063 | Zig:13   | Learned a level 6 spell: Deflect Missiles
 65070 | Zig:13   | Identified Seoniwud's Disquisition on Dislocated Necromancy (You found it on level 13 of a ziggurat)
 65075 | Zig:13   | Learned a level 3 spell: Regeneration
 65078 | Zig:13   | Learned a level 2 spell: Blink
 65084 | Zig:14   | Entered Level 14 of a ziggurat
 65093 | Zig:14   | Noticed Meakomir the pandemonium lord
 65094 | Zig:14   | Noticed Myraunoz the pandemonium lord
 65094 | Zig:14   | Noticed Ashrasopp the pandemonium lord
 65106 | Zig:14   | Reached skill level 10 in Necromancy
 65162 | Zig:14   | Killed Meakomir the pandemonium lord
 65202 | Zig:14   | Killed Ashrasopp the pandemonium lord
 65248 | Zig:14   | Killed Myraunoz the pandemonium lord
 65547 | Zig:14   | Got a serpentine golden ring
 65548 | Zig:14   | Identified the ring of Lyucut {rC+ SInv} (You found it on level 14 of a ziggurat)
 65557 | Zig:15   | Entered Level 15 of a ziggurat
 65760 | Zig:15   | Learned a level 5 spell: Cigotuvi's Embrace
 65761 | Zig:16   | Entered Level 16 of a ziggurat
 66255 | Zig:16   | Got a polished war axe
 66256 | Zig:16   | Identified the cursed +3 war axe of Action {vamp, MR+ Int+5} (You found it on level 16 of a ziggurat)
 66259 | Zig:16   | Got a faintly humming storm dragon armour
 66260 | Zig:16   | Identified the +2 storm dragon armour "Haus" {rElec Slay+3} (You found it on level 16 of a ziggurat)
 66275 | Zig:17   | Entered Level 17 of a ziggurat
 66281 | Zig:17   | Gained mutation: You have large cloven feet. [a shining eye]
 66333 | Zig:17   | Gained mutation: Armour fits poorly on your strangely shaped body. [a shining eye]
 66340 | Zig:17   | Reached skill level 15 in Dodging
 66348 | Zig:17   | Lost mutation: Your muscles are strong. (Str +2) [a shining eye]
 66866 | Zig:17   | Got an ancient wooden ring
 66867 | Zig:17   | Identified the ring of Intercession {*Tele rN++} (You found it on level 17 of a ziggurat)
 66885 | Zig:18   | Entered Level 18 of a ziggurat
 67351 | Zig:18   | Got a translucent steel amulet
 67352 | Zig:18   | Identified the amulet of Pengomep {+Blink rC+ Regen+} (You found it on level 18 of a ziggurat)
 67376 | Zig:19   | Entered Level 19 of a ziggurat
 67387 | Zig:19   | Noticed a greater mummy
 67395 | Zig:19   | Noticed a greater mummy
 67395 | Zig:19   | Noticed a greater mummy
 67400 | Zig:19   | Noticed a greater mummy
 67401 | Zig:19   | Noticed a greater mummy
 67403 | Zig:19   | Noticed a greater mummy
 67403 | Zig:19   | Noticed a greater mummy
 67404 | Zig:19   | HP: 8/194 [greater mummy/divine providence (11)]
 67756 | D:15     | Lost mutation: Armour fits poorly on your strangely shaped body. [potion of cure mutation]
 67756 | D:15     | Lost mutation: You have large cloven feet. [potion of cure mutation]
 67756 | D:15     | Lost mutation: You possess an exceptional clarity of mind. [potion of cure mutation]
 67756 | D:15     | Lost mutation: Your flesh is cold resistant. [potion of cure mutation]
 67839 | D:15     | Bought a scroll of identify for 42 gold pieces
 67839 | D:15     | Bought a scroll of identify for 42 gold pieces
 67839 | D:15     | Bought a scroll of identify for 42 gold pieces
 67839 | D:15     | Bought a scroll of amnesia for 73 gold pieces
 67839 | D:15     | Bought a scroll of teleportation for 63 gold pieces
 67839 | D:15     | Bought a scroll of blinking for 157 gold pieces
 67839 | D:15     | Bought a scroll of amnesia for 73 gold pieces
 67839 | D:15     | Bought a scroll of immolation for 73 gold pieces
 68276 | Pan      | Entered Pandemonium
 68362 | Pan      | Bronedek: can you show me your mutations?
 68370 | Pan      | Chiseanne: sure
 68370 | Pan      | Bronedek: thanks
 68401 | Pan      | Reached skill level 5 in Spellcasting
 68408 | Pan      | Noticed Chiseanne's ghost (legendary SpAs)
 68419 | Pan      | Found an exit through the horrors of the Abyss.
 68457 | Pan      | Killed Chiseanne's ghost
 68518 | Pan      | Found an exit through the horrors of the Abyss.
 68785 | Pan      | Found an exit through the horrors of the Abyss.
 68796 | Pan      | Noticed Taugh the pandemonium lord
 68858 | Pan      | Killed Taugh the pandemonium lord
 69237 | Pan      | Noticed Ofitolot the pandemonium lord
 69263 | Pan      | Gained mutation: Your body sometimes deteriorates upon taking damage. [a cacodemon]
 69268 | Pan      | Killed Ofitolot the pandemonium lord
 69676 | Pan      | Entered the realm of Gloorx Vloq.
 69817 | Pan      | Chiseanne: brb
 70058 | Pan      | Noticed Gloorx Vloq
 70533 | Pan      | Bronedek: ok
 70549 | Pan      | HP: 9/191 [poisoned by Gloorx Vloq (poison arrow)]
 70554 | Pan      | HP: 9/191 [poisoned by Gloorx Vloq (poison arrow)]
 70561 | Pan      | HP: 9/191 [poisoned by Gloorx Vloq (poison arrow)]
 70914 | Pan      | Bronedek: what aug means?
 70938 | Pan      | Chiseanne: you do more damage
 70938 | Pan      | Chiseanne: works with magic too
 70938 | Pan      | Bronedek: ok thanks
 70967 | Pan      | Chiseanne: man that demon is so overpowered
 70967 | Pan      | Chiseanne: hes the worst
 71305 | Pan      | Bronedek: is this a rune level?
 71310 | Pan      | Chiseanne: yes
 71395 | Pan      | Bronedek: can you bribe this level?
 71398 | Pan      | Chiseanne: I could
 71398 | Pan      | Chiseanne: ok might be a good idea actually..lez try this
 71399 | Pan      | Bronedek: well you cab trx that
 71399 | Pan      | Bronedek: can try
 71399 | Pan      | Chiseanne: not sure if there are enough monsters left to bribe
 71399 | Pan      | Chiseanne: lets see
 71418 | Pan      | HP: 8/190 [poisoned by Gloorx Vloq (poison arrow)]
 71649 | Pan      | Chiseanne: yeah ok..what I thought
 71649 | Pan      | Chiseanne: I cleared most of the level and now theres noone left to bribe
 71668 | Pan      | HP: 7/194 [poisoned by Gloorx Vloq (dark miasma)]
 71673 | Pan      | HP: 4/193 [Executioner[Gloorx Vloq] (3)]
 71675 | Pan      | Engulfed by Gloorx Vloq's foul pestilence

Skill      XL: |  1  2  3  4  5  6  7  8  9 10 11 12 13 14 15 16 17 18 19 20 21 22 23 24 25 26 27 |
---------------+----------------------------------------------------------------------------------+-----
Dodging        | 1 3 5 6 7 9 10 11 18 | 18.4
Fighting       | 2 4 5 6 7 8 9 10 11 | 11.5
Armour         | 5 6 7 8 9 10 11 13 14 15 19 21 22 27 | 27.0
Axes           | 3 5 8 10 12 13 14 | 14.2
Evocations     | 5 8 |  8.0
Shields        | 1 7 11 15 18 20 23 24 26 27 | 27.0
Maces & Flails | 1 7 9 |  9.3
Necromancy     | 14 | 14.3
Spellcasting   | 8 |  8.8
Staves         | |  1.0
Stealth        | |  1.0

Action                   |  1- 3 |  4- 6 |  7- 9 | 10-12 | 13-15 | 16-18 | 19-21 | 22-24 | 25-27 || total
-------------------------+-------+-------+-------+-------+-------+-------+-------+-------+-------++-------
Melee: Quarterstaff      |   159 |    95 |    82 |       |       |       |       |       |       ||   336
       Battleaxe         |       |       |   136 |   341 |  1079 |       |       |       |       ||  1556
       Morningstar       |       |       |       |       |    69 |  1467 |   757 |   193 |    45 ||  2531
       War axe           |       |       |       |       |       |    33 |   864 |  1579 |  2885 ||  5361
       Katana            |       |       |       |       |       |       |       |    17 |     7 ||    24
       Eveningstar       |       |       |       |       |       |       |       |       |    18 ||    18
 Fire: Hand crossbow     |       |     9 |    13 |    24 |     7 |    35 |       |       |       ||    88
 Cast: Regeneration      |       |       |       |       |       |       |       |       |     2 ||     2
Invok: Call Merchant     |       |       |     1 |       |     5 |     1 |     3 |     2 |     5 ||    17
       Potion Petition   |       |       |       |       |       |       |       |       |     2 ||     2
       Bribe Branch      |       |       |       |       |       |       |       |       |     1 ||     1
Evoke: Wand              |       |       |       |     4 |    10 |    16 |     2 |    12 |     5 ||    49
       Box of beasts     |       |       |       |       |       |     2 |     9 |       |     5 ||    16
       Stone of tremors  |       |       |       |       |       |       |       |     1 |       ||     1
       Lamp of fire      |       |       |       |       |       |       |       |       |     5 ||     5
       Sack of spiders   |       |       |       |       |       |       |       |       |    13 ||    13
       Fan of gales      |       |       |       |       |       |       |       |       |     2 ||     2
       Phantom mirror    |       |       |       |       |       |       |       |       |     2 ||     2
  Use: Scroll            |     2 |    11 |    14 |    10 |    11 |     6 |    11 |    15 |    45 ||   125
       Potion            |       |     4 |       |     6 |     5 |     3 |     5 |    12 |    39 ||    74
 Stab: Sleeping          |     5 |       |       |       |       |       |       |       |       ||     5
       Distracted        |       |       |     3 |     2 |    19 |    13 |    22 |    30 |    47 ||   136
       Invisible         |       |       |       |     3 |       |       |       |       |    43 ||    46
       Confused          |       |       |       |       |     2 |       |       |       |       ||     2
       Held in net/web   |       |       |       |       |       |     1 |       |       |     1 ||     2
       Petrifying        |       |       |       |       |       |       |       |       |     8 ||     8
       Petrified         |       |       |       |       |       |       |       |       |     5 ||     5
  Eat: Chunk             |     3 |     6 |     2 |       |       |       |       |       |       ||    11
       Royal jelly       |       |       |     2 |       |     8 |     4 |       |       |       ||    14
       Beef jerky        |       |       |     1 |     2 |     9 |       |       |     5 |     1 ||    18
       Bread ration      |       |       |     2 |     2 |     2 |     4 |     5 |     7 |    10 ||    32
       Pizza             |       |       |     2 |     1 |     1 |     2 |     2 |       |     5 ||    13
       Fruit             |       |       |       |     9 |    11 |       |       |     3 |     7 ||    30
Armor: Robe              |    41 |       |       |       |       |       |       |       |       ||    41
       Chain mail        |    31 |       |       |       |       |       |       |       |       ||    31
       Scale mail        |     4 |    55 |   130 |    51 |       |       |       |       |       ||   240
       Gold dragon armou |       |       |       |   299 |  1046 |  1081 |   481 |   436 |  1381 ||  4724
       Skin              |       |       |       |       |    15 |       |       |       |       ||    15
Dodge: Dodged            |    85 |    61 |   174 |   183 |   634 |   736 |   319 |   232 |   985 ||  3409
Block: Shield            |       |       |       |       |    54 |  1739 |  1252 |  1094 |  2807 ||  6946
       Reflection        |       |       |       |       |       |   100 |    69 |    80 |   105 ||   354
